 Dungeon Crawl Stone Soup version 0.22-a0-423-g4197694 (webtiles) character file.

111 nikopol the Firebug (level 4, -1/24 HPs)
             Began as a Deep Elf Fire Elementalist on May 23, 2018.
             Slain by a hound (4 damage)
             ... on level 3 of the Dungeon.
             The game lasted 00:05:21 (1986 turns).

nikopol the Firebug (Deep Elf Fire Elementalist)    Turns: 1986, Time: 00:05:22

Health: -1/24      AC:  4    Str:  5    XL:     4   Next: 62%
Magic:  7/12       EV: 12    Int: 21    God:
Gold:   79         SH:  4    Dex: 17    Spells: 1/11 levels left

rFire    x . .     SeeInvis .   m - +0 short sword
rCold    + . .     Gourm    .   t - +0 buckler
rNeg     . . .     Faith    .   a - +0 robe
rPois    .         Spirit   .   (no helmet)
rElec    .         Reflect  .   (no cloak)
rCorr    .         Harm     .   d - +0 pair of gloves
MR       .....                  n - +0 pair of boots
Stlth    ++........             (no amulet)
HPRegen  0.08/turn              i - ring of ice
MPRegen  0.13/turn              k - +2 ring of dexterity

@: no status effects
A: no striking features
a: no special abilities


You were on level 3 of the Dungeon.
You were not hungry.

You visited 1 branch of the dungeon, and saw 4 of its levels.

You collected 79 gold pieces.

Inventory:

Hand Weapons
 m - a +0 short sword (weapon)
Armour
 a - a +0 robe (worn)
 d - a +0 pair of gloves (worn)
 n - a +0 pair of boots (worn)
 t - a +0 buckler (worn)
Jewellery
 i - a ring of ice (left hand)
 k - a +2 ring of dexterity (right hand)
 p - a +5 ring of evasion {unknown}
Wands
 l - a wand of random effects (26)
Scrolls
 b - 4 scrolls of blinking {unknown}
 e - 3 scrolls of remove curse {unknown}
 g - 7 scrolls of identify {unknown}
 q - a scroll of fear {unknown}
 r - 2 scrolls of enchant weapon {unknown}
 s - a scroll of teleportation {unknown}
Potions
 f - a potion of cancellation {unknown}
 h - a potion of might {unknown}
 j - 2 potions of curing {unknown}
Comestibles
 c - 8 rations
 o - 2 chunks of flesh


   Skills:
 + Level 2.7 Dodging
 + Level 3.1 Stealth
 + Level 4.3 Spellcasting
 + Level 2.1 Conjurations
 + Level 4.4 Fire Magic


You had one spell level left.
You knew the following spells:

 Your Spells              Type           Power        Failure   Level  Hunger
a - Flame Tongue          Conj/Fire      ###..        4%          1    None
b - Throw Flame           Conj/Fire      ###...       8%          2    #......
c - Conjure Flame         Conj/Fire      ###.....     14%         3    ##.....
d - Sticky Flame          Conj/Fire      ###.....     43%         4    ####...

Your spell library contained the following spells:

 Spells                   Type           Power        Failure   Level  Hunger
 Fireball                 Conj/Fire      ###.......   80%         5    ######.
 Inner Flame              Hex/Fire       ##......     22%         3    ##.....


Dungeon Overview and Level Annotations

Branches:
Dungeon (4/15)
 Temple: D:4-7

Altars:
Fedhas

Annotations:
D:4 PegasusDuck's ghost, amateur BaIE


Message History

There is a stone staircase leading down here.
Casting: Flame Tongue (safe; 4% risk of failure)
Confirm with . or Enter, or press ? or * to list all spells.
Aiming: Sticky Flame (quite dangerous; 43% risk of failure)
Press: ? - help, Shift-Dir - straight line, f - hound
Aim: a hound The sticky flame hits the hound.
The hound is lightly wounded.
The hound is covered in liquid flames!
The hound burns!
The hound bites you.
* * * LOW HITPOINT WARNING * * *
The hound burns!
The hound burns!
The hound stops burning.
The hound barely misses you.
You see here a hobgoblin corpse.
Casting: Sticky Flame (quite dangerous; 43% risk of failure)
Confirm with . or Enter, or press ? or * to list all spells.
Aiming: Flame Tongue (safe; 4% risk of failure)
Press: ? - help, Shift-Dir - straight line, f/p - hound
Aim: a hound (almost dead)
The flame tongue misses the hound.
The hound bites you.
You die...

.# #####.##.#.#.###.#.####.......
.# #.##.....###.#.##.........
.#######.##..#...#..#............
..[...(.................##.##....
.########....#.#(#..##.###.###...
.# ##...#......##.....# #... .#
#####(......#..#..#### #... .#
####...........#.....# ##... .#
#(.).........@h>...#.# ##..#.
####...............[..#.####.(...
###..............................
..#.................##...........
....#...............####.#..)#...
..###............................
..####...............###.........
..........>.......#..............
...........########.#............


You could see a hound.

Vanquished Creatures
  4 adders (D:2)
  3 worms
  3 dart slugs
  A leopard gecko (D:1)
  4 orcs (D:3)
  2 ball pythons
  3 bats (D:2)
  A giant cockroach (D:3)
  2 goblins
  7 hobgoblins
  3 jackals (D:3)
  11 kobolds
  3 quokkas
  2 frilled lizards (D:1)
  5 rats
54 creatures vanquished.

Notes
Turn   | Place    | Note
-------+----------+-------------------------------------------
     0 | D:1      | nikopol the Deep Elf Fire Elementalist began the quest for the Orb.
     0 | D:1      | Reached XP level 1. HP: 10/10 MP: 6/6
   217 | D:1      | Reached XP level 2. HP: 15/15 MP: 4/8
   859 | D:2      | Reached XP level 3. HP: 19/19 MP: 5/9
  1263 | D:2      | Reached XP level 4. HP: 24/24 MP: 9/12
  1289 | D:2      | Learned a level 2 spell: Throw Flame
  1293 | D:2      | Learned a level 3 spell: Conjure Flame
  1298 | D:2      | Learned a level 4 spell: Sticky Flame
  1819 | D:3      | Found a blossoming altar of Fedhas.
  1979 | D:4      | Noticed PegasusDuck's ghost (amateur BaIE)
  1986 | D:3      | Slain by a hound

Vault maps used:
D:1:      lightli_arrival_lavapool
D:3:      fedhas_altar_2
D:4:      portal_sewer_entry_c, first_ration

Skill      XL: |  1  2  3  4 |
---------------+-------------+-----
Fire Magic     | 4 |  4.4
Spellcasting   | 4 |  4.3
Stealth        | 3 |  3.1
Conjurations   | 2 |  2.1
Dodging        | |  2.7

Action                   |  1- 3 |  4- 6 || total
-------------------------+-------+-------++-------
Melee: Short sword       |     1 |       ||     1
 Cast: Flame Tongue      |    64 |    40 ||   104
       Sticky Flame      |       |     1 ||     1
  Eat: Chunk             |     1 |     2 ||     3
Armor: Robe              |     7 |     1 ||     8
Dodge: Dodged            |    16 |    11 ||    27

Table legend:
 A = Spawn XP
 B = Non-spawn XP
 C = Spawn XP percentage of total XP
 D = Spawn monster count
 E = Non-spawn monster count
 F = Spawn count percentage of total count
 G = Total turns spent on level
                    A         B        C        D         E        F      G
               +---------+---------+-------+---------+---------+-------+---------
         Total |       0 |     159 |   0.0 |       0 |      54 |   0.0 |  1986
               +---------+---------+-------+---------+---------+-------+---------
           D:1 |       0 |      29 |   0.0 |       0 |      15 |   0.0 |   809
           D:2 |       0 |      90 |   0.0 |       0 |      21 |   0.0 |   759
           D:3 |       0 |      40 |   0.0 |       0 |      18 |   0.0 |   415
               +---------+---------+-------+---------+---------+-------+---------
